 Dungeon Crawl Stone Soup version 0.26-a0-851-g735459dd53 (webtiles) character file.

Game seed: 13288109968117814553

347 Essalna the Firebug (level 6, -5/35 HPs)
             Began as a Tengu Fire Elementalist on Nov 21, 2020.
             Engulfed by a cloud of steam (8 damage)
             ... on level 3 of the Dungeon.
             The game lasted 00:06:23 (2472 turns).

Essalna the Firebug (Tengu Fire Elementalist)       Turns: 2472, Time: 00:06:23

Health: -5/35      AC:  2    Str:  8    XL:     6   Next: 59%
Magic:  4/11       EV: 14    Int: 18    God:
Gold:   86         SH:  0    Dex: 14    Spells: 6/11 levels left

rFire    . . .     SeeInvis .   d - +0 spear
rCold    . . .     Faith    .   (no shield)
rNeg     + . .     Spirit   .   k - +0 robe {rN+}
rPois    .         Reflect  .   (helmet restricted)
rElec    .         Harm     .   (no cloak)
rCorr    .         Rampage  .   (no gloves)
MR       .....                  (boots unavailable)
Stlth    +.........             (no amulet)
HPRegen  0.11/turn              (no ring)
MPRegen  0.12/turn              (no ring)

@: very slow
A: beak, talons 3, able to fly
a: Fly


You were on level 3 of the Dungeon.
You visited 1 branch of the dungeon, and saw 3 of its levels.

You collected 86 gold pieces.

Inventory:

Hand Weapons
 d - a +0 spear (weapon)
Armour
 a - a +0 robe
 k - a +0 robe of positive energy (worn)
Magical Staves
 n - an uncursed staff of cold {unknown}
Wands
 l - a wand of flame (23)
Scrolls
 c - a scroll of teleportation
 e - 7 scrolls of identify
 g - 5 scrolls of remove curse
 p - a scroll of blinking {unknown}
Potions
 b - 3 potions of degeneration
 f - 4 potions of brilliance {unknown}
 h - a potion of invisibility {unknown}
 i - a potion of heal wounds {unknown}
 j - 3 potions of magic {unknown}
 m - a potion of might {unknown}
 o - a potion of flight {unknown}


   Skills:
 + Level 2.2 Fighting
 + Level 2.5 Armour
 + Level 3.6 Dodging
 - Level 2.0 Stealth
 + Level 3.0 Spellcasting
 + Level 3.7 Conjurations
 + Level 4.3 Fire Magic


You had 6 spell levels left.
You knew the following spells:

 Your Spells              Type           Power        Failure   Level
a - Foxfire               Conj/Fire      ###.         3%          1
b - Sticky Flame          Conj/Fire      ###.....     30%         4

Your spell library contained the following spells:

 Spells                   Type           Power        Failure   Level
 Conjure Flame            Conj/Fire      ###.....     10%         3
 Inner Flame              Hex/Fire       ##......     21%         3
 Fireball                 Conj/Fire      ###.......   65%         5


Dungeon Overview and Level Annotations

Branches:
Dungeon (3/15)

Altars:
Cheibriados
Uskayaw


Innate Abilities, Weirdness & Mutations

You have a beak for a mouth.
You have claws for feet.
You can fly continuously.


Message History

The adder misses you.
The adder is engulfed in a cloud of scalding steam.
The adder closely misses you.
Casting: Foxfire (safe; 3% risk of failure)
Confirm with . or Enter, or press ? or * to list all spells.
You conjure some foxfire!
You are engulfed in a cloud of scalding steam.
* * * LOW HITPOINT WARNING * * *
The adder closely misses you.
Casting: Foxfire (safe; 3% risk of failure)
Confirm with . or Enter, or press ? or * to list all spells.
Nothing appears to happen.
You are engulfed in a cloud of scalding steam.
* * * LOW HITPOINT WARNING * * *
The foxfire hits the adder.
The adder is almost dead.
The foxfire hits the adder.
You kill the adder!
You are engulfed in a cloud of scalding steam.
You die...

##≈######≈## #........
#§≈≈≈≈†≈≈≈≈# #..#.....
#§≈≈####≈≈≈# #..#.....
##≈##≈≈##≈##...<#.....
#≈#≈.≈≈#≈#######..#.#
#≈#≈≈≈≈#≈#........#.#
##≈##§§##≈##.#####.#..
#≈≈≈#§§#≈≈≈#....[..#..
#≈≈≈§@§#≈≈≈#.#######..
##≈######≈##.......o..
### #.#.#.)####.....
#......# #)....
#......# ##.....
...........###......
.........###.......#
....8....# #.#.....#
#..8.8..## #........


There were no monsters in sight!

Vanquished Creatures
  Sigmund (D:2)
  A howler monkey (D:3)
  An orc priest (D:3)
  6 adders
  A worm (D:3)
  3 dart slugs
  A leopard gecko (D:3)
  3 orcs (D:3)
  8 giant cockroaches
  6 hobgoblins
  4 jackals (D:3)
  7 bats
  3 frilled lizards
  5 goblins
  4 kobolds
  4 rats
58 creatures vanquished.

Vanquished Creatures (others)
  199 foxfires
199 creatures vanquished.

Grand Total: 257 creatures vanquished

Notes
Turn   | Place    | Note
-------+----------+-------------------------------------------
     0 | D:1      | Essalna the Tengu Fire Elementalist began the quest for the
                  | Orb.
     0 | D:1      | Reached XP level 1. HP: 10/10 MP: 4/4
   316 | D:1      | Reached XP level 2. HP: 15/15 MP: 0/6
  1162 | D:2      | Reached XP level 3. HP: 20/20 MP: 4/7
  1308 | D:2      | Reached skill level 1 in Fighting
  1308 | D:2      | Reached skill level 1 in Armour
  1355 | D:2      | Noticed Sigmund
  1369 | D:2      | Killed Sigmund
  1370 | D:2      | Reached skill level 4 in Fire Magic
  1370 | D:2      | Reached XP level 4. HP: 26/26 MP: 1/9
  1370 | D:2      | Gained mutation: You can fly continuously. [Tengu growth]
  1370 | D:2      | Reached XP level 5. HP: 30/30 MP: 1/10
  1442 | D:2      | Found a snail-covered altar of Cheibriados.
  1524 | D:2      | Found a hide-covered altar of Uskayaw.
  1682 | D:2      | You fall into a shaft and drop 1 floor!
  1747 | D:3      | Reached XP level 6. HP: 34/35 MP: 6/11
  1762 | D:3      | Learned a level 4 spell: Sticky Flame
  2414 | D:3      | Found a faded altar of an unknown god.
  2472 | D:3      | Engulfed by a cloud of steam

Illustrated notes

Levels and vault maps discovered:
D:1:      minmay_arrival_semitransparent, layout_basic
D:2:      layout_basic, eat_drink_and_be_merry_uskayaw, kennysheep_slug_shrine,
          uniq_sigmund
D:3:      layout_basic, tgw_trog, chequers_ecumenical_altar_simple_redux,
          gup_sewer_entry_bubbles, minivault_5

Skill      XL: |  1  2  3  4  5  6 |
---------------+-------------------+-----
Conjurations   | 2 3 |  3.7
Fighting       | 1 2 |  2.2
Armour         | 2 |  2.5
Dodging        | 3 |  3.6
Fire Magic     | 4 |  4.3
Spellcasting   | 3 |  3.0
Stealth        | |  2.0

Action                   |  1- 3 |  4- 6 || total
-------------------------+-------+-------++-------
Melee: Unarmed           |     4 |       ||     4
       Spear             |    26 |    39 ||    65
       Peck              |     2 |     4 ||     6
       Kick              |     2 |     5 ||     7
 Cast: Foxfire           |    49 |    76 ||   125
  Use: Scroll            |       |     5 ||     5
 Stab: Sleeping          |       |     2 ||     2
Armor: Robe              |     4 |    10 ||    14
Dodge: Dodged            |    22 |    56 ||    78

Table legend: (Time is in decaauts)
 A = Elapsed time spent in this place.
 B = Non-inter-level travel time spent in this place.
 C = Inter-level travel time spent in this place.
 D = Time resting spent in this place.
 E = Time spent auto-exploring this place.
 F = Levels seen in this place.
 G = Mean time per level.
                   A        B        C        D        E       F      G
               +--------+--------+--------+--------+--------+-----+--------+
         Total |   2493 |   2472 |     21 |    156 |   1791 |   3 |  831.0 |
       Dungeon |   2493 |   2472 |     21 |    156 |   1791 |   3 |  831.0 |
               +--------+--------+--------+--------+--------+-----+--------+

Top non-repeatable levels by time:
     D:1: 1119 daAuts
     D:3: 809 daAuts
     D:2: 564 daAuts
